Unix NetHack Version 3.7.0-65 Work-in-progress - last build Oct 10 2022 05:34:18 (2afc5cfc90f7ecdc2856d9919a2295b875398e55,branch:master). Game began 2022-10-04 07:44:28, ended 2023-04-28 16:51:10. grumlin, chaotic male elven Wizard ----------------------------------------------------------------------------- |......$q.|....*..|.../.|..)|.........|.....|........*....|.......|......$..| |.|.-----.|.---.|.|H|.---.|@|.|.-----.|.---.|.-------.-----.---.|.|.-------.| |.|.|...|$|.|.|.|...|.|...|...|.|..$....|...|...|...|......)|...|i..|.....|.| |--.|.|.|.|.|.|.----|.|.-------.|----------.---.|.|.---------.-------.|.--|.| |...|.|...|.|$|.....|.|$....|*..|@.....i%.|...|.|.|.....|.....|......$|...|.| |.---.|---->|.-----.-------.|.|.|.}}R}}%}c|--.--|.|----.|.----|.---------.|.| |.|*..|...@`|.....|*.`.`....|.|.|.}}---}}.|.....|.|.|..*|.|...|.|.......|...| |.|----.-----.|.------------|.--|.}--!--}&|----.|.|.|.---.|.|.|.---.---.----| |.|$.$..|.....|`|....$*...|.|...|.}|u@.|}/|.|.|.|.|.|.....|.|.|..$|$..|.....| |.|.-----.------|.-----.|.|.|--.|.}--d--g..H|.|.|.|.-------.-----.---.---.--| |.|.|..`.......$|.|..$..|...|.|.|.}g---}}.|d|.|...|...|..$......|...|*..|*..| |.|.|------.---.|.|.-------.|.|.|.}}}}}};.|.|.|----.|.|.-------.---.|--.---.| |...|....2|...|...|.|..$..|$..|.|....g|&....|.|.....|^<.......|.....|.....|`| |.---.---.|------.|.---.--|.---.|.|.--|.-----.|.---------.---.-------------.| |.|...|*..|*.$.$|.|..`|.f.|.|...|.|...|g|....$|.|...|.....|*|.[.|.....|.....| |.---.|.---.---.-----.|.|.|.|.---.---q|.|.-----&|&|.|.-----.---.---.|.|.---.| |.....|.....|........T|$|..$|....$..|...|.......&.|&..|........`...`|...|...| ----------------------------------------------------------------------------- Grumlin the Sorcerer St:18 Dx:17 Co:16 In:25 Wi:23 Ch:17 Chaotic S:375350 Dlvl:44 $:1105 HP:142(142) Pw:148(242) AC:-18 Hungry Burdened Blind Fly Xp:18/2258720 T:24051 Latest messages: The invisible stalker turns into a silver dragon! You swoop down into the gaping hole! A map coalesces in your mind! You detect the presence of objects. (For instructions type a '?') The demilich casts a spell! A map coalesces in your mind! You hear some noises in the distance. You detect the presence of objects. (For instructions type a '?') What do you want to call this dungeon level? realfakewiz Where do you want to travel to? (For instructions type a '?') You hear a G note squeak in the distance. You fly up the stairs. You remember this level as realwiz. What do you want to call this dungeon level? realwizfakefakewiz What do you want to call this dungeon level? fakefakewiz The magic-absorbing blade probes the white dragon! In what direction? b You kill the white dragon! The silver dragon turns into a disenchanter! You try to feel what is lying here on the floor. Pick an object. Restoring save file... Hello grumlin, the elven Wizard, welcome back to NetHack! It is hot here. You smell smoke... Your movements are slowed slightly because of your load. Really quit? [yn] (n) y Do you want your possessions identified? [ynq] (y) q Inventory: Coins $ - 1105 gold pieces Amulets f - an uncursed amulet of flying (being worn) x - the blessed Eye of the Aethiopica Weapons C - the blessed rustproof +6 Magicbane (weapon in hand) Armor k - a blessed rustproof +5 helm of brilliance (being worn) S - an uncursed burnt +1 pair of leather gloves named +1 (being worn) o - an uncursed fireproof +0 pair of speed boots (being worn) H - a blessed fireproof +1 small shield (being worn) E - a blessed +4 Hawaiian shirt with a tropical fish motif (being worn) Q - a blessed +1 silver dragon scale mail (being worn) Comestibles X - an uncursed orange q - a blessed homemade tin of quantum mechanic meat Rings R - an uncursed ring of levitation Y - an uncursed +1 ring of protection (on left hand) I - an uncursed ring of regeneration B - an uncursed ring of stealth (on right hand) Wands a - a wand of digging (0:6) i - a wand of digging (0:1) l - a cursed wand of digging (0:7) m - a wand of fire (0:7) F - a wand of fire (0:7) v - a blessed greased wand of polymorph (1:0) O - a wand of teleportation (0:5) Tools b - a blessed greased bag of holding containing 94 items Z - an uncursed oilskin sack containing 4 items z - an uncursed bugle J - an uncursed wooden flute j - the Bell of Opening (0:3) p - an uncursed blindfold (being worn) d - an uncursed magic lamp w - an uncursed magic whistle s - an uncursed stethoscope y - a blessed tinning kit (0:71) h - a blessed +0 unicorn horn Gems/Stones T - an uncursed luckstone Contents of the bag of holding: 17273 gold pieces an uncursed amulet of life saving a cursed amulet of reflection 4 +0 elven daggers a +3 aklys a +0 bullwhip an uncursed +0 helm of opposite alignment an uncursed +0 pair of gauntlets of power an uncursed +0 pair of jumping boots an uncursed +0 pair of levitation boots an uncursed +0 pair of water walking boots an uncursed +0 cloak of magic resistance an uncursed +0 mummy wrapping 7 uncursed cram rations 4 uncursed lembas wafers an uncursed sprig of wolfsbane an uncursed tin of szechuan quantum mechanic meat an uncursed lizard corpse 6 blessed scrolls of blank paper named c 2 uncursed scrolls of charging 2 uncursed scrolls of confuse monster an uncursed scroll of create monster a cursed scroll of create monster 2 uncursed scrolls of destroy armor 2 uncursed scrolls of earth a blessed scroll of fire a blessed scroll of gold detection 3 uncursed scrolls of gold detection 2 uncursed scrolls of magic mapping 5 uncursed scrolls of remove curse 3 blessed scrolls of scare monster 3 uncursed scrolls of taming 2 blessed scrolls of teleportation 2 uncursed scrolls of teleportation 7 cursed scrolls of teleportation an uncursed spellbook of blank paper an uncursed spellbook of magic missile an uncursed potion of acid an uncursed potion of booze an uncursed potion of extra healing a blessed potion of fruit juice an uncursed potion of fruit juice an uncursed potion of full healing an uncursed potion of gain ability a blessed potion of gain level an uncursed potion of gain level an uncursed potion of healing 2 uncursed potions of invisibility a blessed potion of object detection 2 uncursed potions of object detection a blessed potion of oil an uncursed potion of oil a blessed potion of polymorph a cursed potion of polymorph a blessed potion of restore ability 2 uncursed potions of restore ability an uncursed potion of sickness 3 uncursed potions of sleeping an uncursed potion of speed 3 potions of holy water an uncursed potion of water a potion of unholy water an uncursed ring of conflict an uncursed ring of polymorph an uncursed ring of polymorph control an uncursed ring of protection from shape changers an uncursed ring of regeneration an uncursed ring of slow digestion an uncursed ring of teleportation a wand of cold (1:8) a wand of death (0:4) a wand of death (2:0) a wand of digging (0:5) a wand of digging (0:4) a wand of enlightenment (0:15) a wand of fire (0:8) a wand of probing (0:6) a wand of sleep (0:3) a wand of speed monster (0:5) a wand of striking (0:6) a wand of teleportation (1:0) a wand of teleportation (0:0) a wand of undead turning (0:4) a wand of wishing (1:3) a can of grease (0:14) an expensive camera (0:35) a magic marker (0:89) a magic marker (0:34) a magic marker (1:9) a +0 pick-axe an uncursed towel 2 uncursed obsidian stones 3 uncursed sapphires 2 uncursed turquoise stones Contents of the oilskin sack: an uncursed scroll of remove curse a blessed scroll of scare monster a blessed potion of full healing a wand of cancellation (1:12) Grumlin the Wizard's attributes: Background: You were a Sorcerer, a level 18 male elven Wizard. You were chaotic, on a mission for Anhur who was opposed by Ptah (lawful) and Thoth (neutral). You were in Gehennom, on level 44. You entered the dungeon 24051 turns ago. You had 2258720 experience points, 301280 more were needed for level 19. Your score was 375350 before end-of-game adjustments. Basics: You had all 142 hit points. You had 148 out of 242 energy points (spell power). Your armor class was -18. Your wallet contained 1105 zorkmids. Autopickup was off. Final Characteristics: Your strength was 18 (limit:18). Your dexterity was 17 (limit:18). Your constitution was 16 (limit:16). Your intelligence was 25 (base:20, innate limit:20). Your wisdom was 23 (base:18, innate limit:20). Your charisma was 17 (limit:18). Final Status: You were flying. You were deliberately blind. You were hungry. You were burdened; movement was slightly slowed. You were wielding a dagger. You were skilled in dagger and could have enhanced that. Final Attributes: You were the Glory of Arioch. You were piously aligned. You were magic-protected. You were fire resistant. You were cold resistant. You were sleep resistant. You were disintegration resistant. You were shock resistant. You were poison resistant. You could recognize detrimental food. You would have seen invisible when not blind. You were telepathic. You were warned. You had infravision. You were invisible to others. You were stealthy. You had teleport control. You had a small defense bonus (+4). You were warded. You took half spell damage. You were very fast. You had reflection. You were extremely lucky. You had extra luck. Bad luck did not time out for you. Good luck did not time out for you. You survived. Miscellaneous: You encountered 1 bones level. Total elapsed playing time was 15 hours, 34 minutes and 58 seconds. Major events: Turn 1: grumlin the chaotic male elven Wizard entered the dungeon 673: entered the Gnomish Mines 879: attained the rank of Conjurer (level 3) 2005: reached Mine Town 2674: attained the rank of Thaumaturge (level 6) 3175: destroyed nabru's ghost, the former Thaumaturge 4541: acquired the Mines' End luckstone 6522: entered Sokoban 6794: completed 1st Sokoban level 7318: completed 2nd Sokoban level 7609: completed 3rd Sokoban level 8531: attained the rank of Magician (level 10) 9503: completed 4th Sokoban level 9643: acquired the Sokoban bag of holding 10963: was bestowed with Magicbane by Anhur 12990: entered Gehennom 14995: attained the rank of Enchanter (level 14) 16348: found the Eye of the Aethiopica 17005: was chosen to take lives for the Glory of Anhur 17005: was bestowed with spellbook of finger of death 20275: killed the invisible Dark One 20277: acquired the Bell of Opening 21720: killed Medusa 22510: made his first wish - "blessed greased fixed wand of polymorph", got "a greased long wand" 22911: attained the rank of Sorcerer (level 18) 23410: killed Juiblex 23540: bribed Baalzebub with 9 zorkmids for safe passage 23682: bribed Asmodeus with 3 zorkmids for safe passage 23763: performed his first genocide (class m) 24051: quit Vanquished creatures: Juiblex Medusa 2 iron golems a master lich a glass golem a gray dragon a gold dragon 8 silver dragons a red dragon 2 white dragons an orange dragon 2 black dragons a blue dragon a green dragon 6 minotaurs the Dark One 2 demiliches a stone golem 2 Olog-hai 2 Nazgul a pit fiend 4 sandestins a trapper a guardian naga 3 vampire leaders 2 prisoners 3 captains 5 liches 2 nurses an ice devil a nalfeshnee a lurker above an Aleax 2 frost giants 2 ettins 6 vampires 4 lieutenants a watch captain 15 ghosts a rogue a wizard a mind flayer 3 giant mimics a long worm a fire giant 3 ogre tyrants 2 rock trolls an umber hulk a doppelganger a hezrou 3 large mimics 4 stalkers an air elemental a fire elemental 4 earth elementals 2 water elementals a hill giant 2 giant mummies a black naga 12 xorns 4 giant zombies 11 sergeants a barbed devil 4 vrocks 2 wargs 3 winter wolves 11 small mimics a glass piercer 2 xans 3 ettin mummies 3 quantum mechanics 3 trolls a sasquatch a wood golem a shark 4 gelatinous cubes 2 pyrolisks a large dog 3 freezing spheres a flaming sphere a large cat 5 tigers 2 gargoyles a dwarf ruler 11 tengu 3 ochre jellies a mountain centaur a stone giant 2 human mummies 2 red nagas 2 pythons a cobra 13 wraiths a carnivorous ape 9 ettin zombies a leather golem 4 Grey-elves 59 soldiers 3 watchmen an amorous demon 2 horned devils 2 chameleons 2 crocodiles 5 giant beetles 2 quivering blobs 6 cockatrices 10 wolves 8 winter wolf cubs 2 lynxes a panther 4 leprechauns 2 orc-captains 7 giant spiders 2 scorpions a horse 5 black lights 33 vampire bats a forest centaur 4 gnome rulers 2 orc mummies 3 dwarf mummies an ogre a brown pudding 4 rust monsters 2 owlbears 5 yetis 3 gold golems 3 werewolves 3 Green-elves 7 giant eels 6 lizards 3 chickatrices a dog 2 housecats 4 jaguars 6 dwarf leaders a black unicorn 2 dust vortices 6 ravens 3 plains centaurs 3 gnome mummies 2 snakes 5 water moccasins 8 apes 4 human zombies 11 soldier ants 11 bugbears 4 imps 5 lemures 6 quasits 3 wood nymphs 7 water nymphs 2 mountain nymphs 10 Mordor orcs 3 Uruk-hai an orc shaman 5 rock piercers 3 rock moles a pony 8 yellow lights 20 gnome leaders 3 gnomish wizards a kobold mummy 2 black naga hatchlings 3 gray oozes 3 barrow wights 2 elf zombies 9 ghouls 5 giant ants 4 little dogs 6 floating eyes a kitten 24 dwarves 6 homunculi a kobold leader a kobold shaman 4 hill orcs 17 rothes 2 rabid rats 3 centipedes 10 giant bats 5 monkeys 8 orc zombies 18 dwarf zombies 5 iguanas 3 acid blobs 3 gas spores 7 hobbits 3 manes 2 large kobolds 10 hobgoblins 6 cave spiders 2 yellow molds a green mold 61 gnomes 4 garter snakes 6 gnome zombies 6 geckos 8 jackals 3 foxes 2 kobolds 3 goblins 7 grid bugs 6 bats 3 lichens 5 kobold zombies 7 newts 916 creatures vanquished. Genocided species: small mimics large mimics giant mimics 3 species genocided. Voluntary challenges: You read items or engraved 105 times. You never engraved Elbereth. You genocided 3 types of monsters. You never changed form. You used 1 wish. You did not wish for any artifacts. You did not violate any of the special Sokoban rules. Achievements: You entered the Gnomish Mines. You attained the rank of Conjurer. You entered Minetown. You entered a temple. You entered a shop. You attained the rank of Thaumaturge. You completed the Gnomish Mines. You entered Sokoban. You attained the rank of Magician. You completed Sokoban. You learned the tune to open and close the Castle's drawbridge. You entered Gehennom. You attained the rank of Enchanter. You had the Bell of Opening. You defeated Medusa. You attained the rank of Sorcerer. The Dungeons of Doom: levels 1 to 25 Level 1: A fountain. Level 2: Level 3: A fountain. Stairs down to The Gnomish Mines. Level 4: Some fountains. Level 5: Some fountains, a sink. Level 6: Level 7: Oracle of Delphi. Level 8: Stairs up to Sokoban, level 7. Level 9: A fountain. Level 10: A temple. Level 11: Level 12: A potion shop, an altar to Anhur, a fountain. Level 13: A fountain. Level 14: Some fountains. Portal to The Quest. Level 15: A primitive area. Level 16: A general store, an altar to Anhur, a sink, a grave. Level 17: An altar to Anhur. Level 18: Some fountains. Level 19: A grave. Level 20: A general store. Level 21: Level 22: Level 23: Level 24: Level 25: A fountain. The castle (play notes "DGBBE" to open or close drawbridge). Connection to Gehennom. Gehennom: levels 26 to 45 Level 26: A temple, many graves. Valley of the Dead. Level 27: Level 28: "Asmo" Level 29: Level 30: "juib" Some fountains. Level 31: "Baalz" Level 32: Level 34: Level 35: Level 36: Level 37: Stairs up to Vlad's Tower, level 36. Level 38: An altar, some graves. Level 39: "Rodney" Level 40: Level 41: Level 42: Level 43: Level 44: "fakefakewiz" <- You were here. Level 45: "realfakewiz" The Gnomish Mines: levels 4 to 11 Level 4: Level 5: Level 6: Level 7: Many shops, a temple to Anhur, some graves, some trees. Final resting place for spontiff-Hea-Gno-Mal-Neu, killed by a homunculus, nabru-Wiz-Elf-Fem-Cha, killed by a raven. Level 8: Level 9: Level 10: Level 11: The Quest: levels 1 to 6 Level 1: Completed quest for Neferet the Green. Level 2: Level 3: Level 4: Level 5: Level 6: A temple. Sokoban: levels 7 up to 4 Level 4: Solved. Level 5: Solved. Level 6: Solved. Level 7: Solved. Vlad's Tower: levels 36 up to 35 Level 35: Level 36: Goodbye grumlin the Wizard... You quit in Gehennom on dungeon level 44 with 375350 points, and 18378 pieces of gold, after 24051 moves. You were level 18 with a maximum of 142 hit points when you quit.